 Dungeon Crawl Stone Soup version 0.29.1-12-g30fa7ad0bf (webtiles) character file.

Game seed: 3103521220640556325

837 devnull the Reanimator (level 7, -6/54 HPs)
             Began as a Demonspawn Necromancer on Jan 14, 2023.
             Mangled by Pikel
             ... wielding a +2 whip of electrocution
              (17 damage)
             ... on level 5 of the Dungeon.
             The game lasted 00:17:07 (6743 turns).

devnull the Reanimator (Demonspawn Necromancer)     Turns: 6743, Time: 00:17:08

Health: -6/54      AC: 11    Str:  8    XL:     7   Next: 66%
Magic:  3/10       EV: 10    Int: 25    God:
Gold:   237        SH:  0    Dex: 13    Spells: 2/10 levels left

rFire   . . .      SeeInvis .   F - +3 whip (vamp)
rCold   . . .      Faith    .   (no shield)
rNeg    . . .      Spirit   .   x - +0 ring mail {rPois}
rPois   +          Reflect  .   (no helmet)
rElec   .          Harm     .   (no cloak)
rCorr   .          Rampage  .   t - +0 pair of gloves
Will    .....                   z - +0 pair of boots
Stlth   +.........              (no amulet)
HPRegen 0.18/turn               c - +6 ring of intelligence
MPRegen 0.24/turn               q - +4 ring of protection

@: no status effects
A: claws 2, demonic guardian 1, magic regeneration
a: no special abilities


You were on level 5 of the Dungeon.
You visited 1 branch of the dungeon, and saw 5 of its levels.

You collected 237 gold pieces.

Inventory:

Hand Weapons
 j - a +0 dagger
 F - a +3 vampiric whip (weapon)
Missiles
 i - 13 poisoned darts
 C - 4 silver javelins
Armour
 t - a +0 pair of gloves (worn)
 x - a +0 ring mail of poison resistance (worn)
 y - a +0 tower shield
 z - a +0 pair of boots (worn)
Jewellery
 c - a +6 ring of intelligence (left hand)
 g - an amulet of faith
 q - a +4 ring of protection (right hand)
 v - an amulet of magic regeneration
 w - a ring of protection from fire
 E - a ring of positive energy
Wands
 D - a wand of charming (7)
Scrolls
 d - 2 scrolls of immolation
 e - a scroll of noise {unknown}
 h - a scroll of vulnerability {unknown}
 k - a scroll of enchant armour {unknown}
 l - 2 scrolls of identify {unknown}
 m - 3 scrolls of teleportation {unknown}
 o - 2 scrolls of amnesia {unknown}
 p - a scroll of fear {unknown}
 G - a scroll of magic mapping {unknown}
Potions
 a - a potion of ambrosia {unknown}
 b - 2 potions of magic
 f - a potion of heal wounds {unknown}
 n - a potion of resistance {unknown}
 r - 4 potions of degeneration {unknown}
 s - a potion of curing {unknown}
 A - a potion of haste {unknown}
 B - a potion of berserk rage {unknown}


   Skills:
 - Level 4.2 Fighting
 - Level 1.7 Dodging
 - Level 1.7 Stealth
 - Level 2.0 Spellcasting
 + Level 9.3 Necromancy


You had 2 spell levels left.
You knew the following spells:

 Your Spells              Type           Power      Damage    Failure   Level
a - Necrotise             Necr           100%       1d9       1%          1
b - Vampiric Draining     Necr           49%        2d9       2%          3
c - Animate Dead          Necr           49%        N/A       8%          4

Your spell library contained the following spells:

 Spells                   Type           Power      Damage    Failure   Level
 Sting                    Tmut/Pois      8%         1d3       34%         1
 Poisonous Vapours        Pois/Air       4%         N/A       45%         2
 Agony                    Necr           49%        N/A       21%         5
 Frozen Ramparts          Ice            4%         1d1       71%         3
 Ice Form                 Ice/Tmut       2%         N/A       98%         4
 Olgreb's Toxic Radiance  Pois           2%         N/A       98%         4
 Summon Ice Beast         Ice/Summ       2%         N/A       98%         4


Dungeon Overview and Level Annotations

Branches:
Dungeon (5/15)
 Temple: D:4-7

Altars:
Sif Muna
Uskayaw
Wu Jian

Annotations:
D:5 Pikel


Innate Abilities, Weirdness & Mutations

You have very sharp fingernails.
A weak demonic guardian rushes to your aid.
You regenerate magic rapidly.


Message History

You draw life force from Pikel!
You feel life coursing into your body.
The lemure is no longer blind.
Pikel hits you with a +2 whip of electrocution.
Casting: Vampiric Draining (dangerous; 2% risk of failure)
Confirm with . or Enter, or press ? or * to list all spells.
Aiming: Vampiric Draining (dangerous; 2% risk of failure)
Press: ? - help, Shift-Dir - straight line, f/p - Pikel
Aim: Pikel, wielding a +2 whip of electrocution and wearing a +0 robe (moderately wounded)
You draw life force from Pikel!
You feel life coursing into your body.
Pikel hits you with a +2 whip of electrocution.
Casting: Vampiric Draining (dangerous; 2% risk of failure)
Confirm with . or Enter, or press ? or * to list all spells.
Aiming: Vampiric Draining (dangerous; 2% risk of failure)
Press: ? - help, Shift-Dir - straight line, f/p - Pikel
Aim: Pikel, wielding a +2 whip of electrocution and wearing a +0 robe (heavily wounded)
You draw life force from Pikel!
You feel life coursing into your body.
Pikel hits you with a +2 whip of electrocution!
You are electrocuted!
Unknown command.
Okay, then.
Okay, then.
Unknown command.
You barely miss Pikel.
Pikel is severely wounded.
Pikel hits you with a +2 whip of electrocution.
You closely miss Pikel.
Pikel is severely wounded.
Pikel misses you.
You barely miss Pikel.
Pikel is severely wounded.
Pikel misses you.
Pikel hits you with a +2 whip of electrocution.
You hit Pikel.
You feel better.
Pikel is almost dead.
Pikel hits you with a +2 whip of electrocution!
* * * LOW HITPOINT WARNING * * *
You barely miss Pikel.
Pikel is almost dead.
Pikel hits you but does no damage.
You are electrocuted!
You die...

#.# #.# #.#
#####.#
#...<.#
#.##### #.#
#.########..##
#...>.@K555..(
##########..#.
#.# #.# #.#


You could see Pikel and 3 lemures.

Vanquished Creatures
  A black bear (D:4)
  2 ogres (D:5)
  A lemure (D:5)
  A bullfrog (D:4)
  A scorpion (D:4)
  2 hounds
  An iguana (D:4)
  3 orc wizards (D:4)
  7 gnolls
  4 adders
  An ufetubus (D:5)
  3 worms
  7 orcs
  6 ball pythons
  4 endoplasms
  5 goblins
  6 hobgoblins
  5 jackals
  5 quokkas
  2 bats
  3 frilled lizards
  6 kobolds
  4 rats
80 creatures vanquished.

Vanquished Creatures (collateral kills)
  A black bear (D:3)
  A gnoll (D:5)
  An adder (D:2)
  2 orcs
  An endoplasm (D:3)
  A jackal (D:2)
  A rat (D:2)
8 creatures vanquished.

Vanquished Creatures (others)
  An ogre zombie (D:5)
  15 plants (D:4)
16 creatures vanquished.

Grand Total: 104 creatures vanquished

Notes
Turn   | Place    | Note
-------+----------+-------------------------------------------
     0 | D:1      | devnull the Demonspawn Necromancer began the quest for the
                  | Orb.
     0 | D:1      | Reached XP level 1. HP: 13/13 MP: 3/3
   511 | D:1      | Gained mutation: You have sharp fingernails. [demonic
                  | ancestry]
   511 | D:1      | Reached XP level 2. HP: 19/19 MP: 1/5
   614 | D:1      | Reached skill level 5 in Necromancy
   753 | D:1      | Found a faded altar of an unknown god.
  1413 | D:2      | Gained mutation: You have very sharp fingernails. [demonic
                  | ancestry]
  1413 | D:2      | Reached XP level 3. HP: 18/24 MP: 1/6
  1569 | D:2      | Reached skill level 6 in Necromancy
  1621 | D:2      | Reached skill level 1 in Fighting
  1621 | D:2      | Gained mutation: A weak demonic guardian rushes to your
                  | aid. [demonic ancestry]
  1621 | D:2      | Reached XP level 4. HP: 18/32 MP: 3/7
  2595 | D:2      | Learned a level 3 spell: Vampiric Draining
  3846 | D:4      | Reached XP level 5. HP: 37/40 MP: 8/8
  3867 | D:4      | Noticed a black bear
  3906 | D:3      | Killed a black bear
  4375 | D:4      | Reached XP level 6. HP: 33/48 MP: 1/9
  5160 | D:4      | Reached skill level 7 in Necromancy
  5730 | D:4      | Reached skill level 8 in Necromancy
  5730 | D:4      | Gained mutation: You regenerate magic rapidly. [demonic
                  | ancestry]
  5730 | D:4      | Reached XP level 7. HP: 28/54 MP: 6/10
  6026 | D:5      | Entered Level 5 of the Dungeon
  6138 | D:5      | Learned a level 4 spell: Animate Dead
  6261 | D:5      | Reached skill level 9 in Necromancy
  6451 | D:5      | Found a shimmering blue altar of Sif Muna.
  6453 | D:5      | Found an ornate altar of the Wu Jian Council.
  6453 | D:5      | Found a hide-covered altar of Uskayaw.
  6725 | D:5      | Noticed Pikel
  6743 | D:5      | Mangled by Pikel

Illustrated notes

Levels and vault maps discovered:
D:1:      nicolae_arrival_memento_mori, layout_loops_cross,
          hellmonk_ecumenical_altar_inner_sanctum
D:2:      wander_river, layout_loops_ring
D:3:      layout_rooms
D:4:      layout_basic, serial_bayou, serial_bayou_pond_d, serial_bayou_shore_b,
          serial_bayou_lagoon_b, serial_bayou_pond_b, corner_web_ring
D:5:      layout_loops_ring, mainiacjoe_overflow_alcove_3,
          minmay_temple_entry_slanted, uniq_pikel

Skill      XL: |  1  2  3  4  5  6  7 |
---------------+----------------------+-----
Necromancy     | 5 6 8 9 |  9.3
Fighting       | 1 2 4 |  4.2
Dodging        | |  1.7
Stealth        | |  1.7
Spellcasting   | |  2.0

Action                   |  1- 3 |  4- 6 |  7- 9 || total
-------------------------+-------+-------+-------++-------
Melee: Unarmed           |     9 |       |       ||     9
       Dagger            |     7 |   300 |       ||   307
       Staff             |     4 |       |       ||     4
       Punch             |       |     1 |     1 ||     2
       Whip              |       |    41 |    90 ||   131
Throw: Dart              |       |     3 |     4 ||     7
 Cast: Necrotise         |    41 |    27 |     1 ||    69
       Vampiric Draining |       |    16 |     8 ||    24
       Animate Dead      |       |       |     1 ||     1
  Use: Scroll            |     1 |       |       ||     1
 Stab: Sleeping          |     1 |     2 |       ||     3
       Distracted        |       |     1 |     1 ||     2
Armor: Robe              |     4 |     4 |       ||     8
       Ring mail         |       |   238 |    47 ||   285
Dodge: Dodged            |    10 |   234 |    69 ||   313
